 Dungeon Crawl Stone Soup version 0.28.0-53-g5a82cb258f (webtiles) character file.

Game seed: 3173572792433792907

620 buhh the Insei (level 7, -4/48 HPs)
             Began as an Octopode Transmuter on June 16, 2022.
             Slain by a wyvern (19 damage)
             ... on level 5 of the Dungeon.
             The game lasted 00:18:28 (6210 turns).

buhh the Insei (Octopode Transmuter)                Turns: 6210, Time: 00:18:28

Health: -4/48      AC:  2    Str: 10    XL:     7   Next: 46%
Magic:  7/10       EV: 19    Int: 17    God:
Gold:   226        SH:  0    Dex: 17    Spells: 0/10 levels left

rFire   . . .      SeeInvis .     - Unarmed
rCold   . . .      Faith    .   (shield currently unavailable)
rNeg    . . .      Spirit   .   (helmet currently unavailable)
rPois   x          Reflect  .   (no amulet)
rElec   .          Harm     .   p - +4 ring of slaying
rCorr   .          Rampage  .   (no ring)
Will    .....                   (no ring)
Stlth   ++........              (no ring)
HPRegen 0.16/turn               (no ring)
MPRegen 0.12/turn               (no ring)
                                (no ring)
                                (no ring)

@: about to teleport, spider-form
A: venomous fangs, almost no armour, (amphibious), 8 rings, tiny, (camouflage
1), (gelatinous body 1), (nimble swimmer 1), (tentacles)
a: End Transformation


You were on level 5 of the Dungeon.
You were a venomous arachnid creature.
You visited 1 branch of the dungeon, and saw 5 of its levels.

You collected 226 gold pieces.

Inventory:

Missiles
 o - 6 poisoned darts
Jewellery
 p - a +4 ring of slaying (left front leg)
Scrolls
 a - a scroll of noise
 b - a scroll of amnesia {unknown}
 c - a scroll of vulnerability {unknown}
 d - a scroll of fear {unknown}
 e - a scroll of holy word {unknown}
 f - a scroll of silence {unknown}
 h - a scroll of immolation {unknown}
 l - a scroll of enchant weapon {unknown}
 t - a scroll of teleportation {!d}
Potions
 i - a potion of cancellation {unknown}
 j - a potion of might {unknown}
 k - 2 potions of attraction
 m - a potion of curing {unknown}
 n - a potion of experience {unknown}
 K - a potion of brilliance {!q!d}


   Skills:
 - Level 4.0 Fighting
 - Level 2.0 Dodging
 - Level 1.0 Stealth
 - Level 6.0 Unarmed Combat
 - Level 2.0 Spellcasting
 * Level 2.9 Transmutations
 - Level 4.0 Poison Magic


You couldn't memorise any spells.
You knew the following spells:

 Your Spells              Type           Power      Damage    Failure   Level
a - Beastly Appendage     Tmut           22%        N/A       17%         1
b - Wereblood             Tmut           11%        N/A       22%         2
c - Spider Form           Tmut/Pois      13%        N/A       32%         3
d - Ice Form              Ice/Tmut       6%         N/A       87%         4

Your spell library contained the following spells:

 Spells                   Type           Power      Damage    Failure   Level
 Magic Dart               Conj           4%         1d3       38%         1
 Call Imp                 Summ           1%         N/A       50%         2
 Mephitic Cloud           Conj/Pois/Air  6%         N/A       56%         3


Dungeon Overview and Level Annotations

Branches:
Dungeon (5/15)             Temple (0/1) D:5

Altars:
Vehumet
Beogh

Shops:
D:4 *

Annotations:
D:3 3 runed translucent doors, Valamore's ghost, amateur FoFi
D:4 2 transporters


Innate Abilities, Weirdness & Mutations

You are a venomous arachnid creature.
You have poisonous fangs.
You are tiny and dextrous.
Your spellcasting is less reliable in this form.
Your armour is entirely melded.
You are incapable of wielding weapons or throwing items.
You cannot wear most types of armour.
((You are amphibious.))
You can wear up to eight rings at the same time.
((Your skin changes colour to match your surroundings (Stealth+).))
((Your rubbery body absorbs attacks. (AC +1, EV +1)))
((You are camouflaged when in or above water. (Stealth+)))
((You have tentacles for arms and can constrict up to eight enemies at once.))


Message History

Confirm with . or Enter, or press ? or * to list all spells.
Okay, then.
There is a stone staircase leading up here.
You climb upwards.
Level annotation: 2 transporters
There is a stone staircase leading down here.
This spell is dangerous to cast!
Memorise Spider Form, consuming 3 spell levels and leaving 4?
You start memorising the spell.
You continue memorising. x3
You finish memorising.
Spell assigned to 'c'.
This spell is extremely dangerous to cast!
Memorise Ice Form, consuming 4 spell levels and leaving 0?
You start memorising the spell.
You continue memorising. x4
You finish memorising.
Spell assigned to 'd'.
Casting: Beastly Appendage (safe; 6% risk of failure)
Confirm with . or Enter, or press ? or * to list all spells.
Okay, then.
Okay, then.
Casting: Beastly Appendage (safe; 6% risk of failure)
Confirm with . or Enter, or press ? or * to list all spells.
Okay, then.
Casting: Beastly Appendage (safe; 6% risk of failure)
Confirm with . or Enter, or press ? or * to list all spells.
You turn into a venomous arachnid creature.
You climb downwards.
There is a stone staircase leading up here.
Your transformation has ended.
An ice beast comes into view.
The ogre shouts!
You see here a scroll of teleportation {!d}.
The wyvern hisses angrily.
The wyvern bites you but does no damage.
As you read the scroll of teleportation {!d}, it crumbles to dust.
You feel strangely unstable. The wyvern bites you!
Casting: Spider Form (dangerous; 14% risk of failure)
Confirm with . or Enter, or press ? or * to list all spells.
You turn into a venomous arachnid creature.
The wyvern bites you! x2
The wyvern bites you!!
You die...

...#......>#...#..##......
...#..##......##..........
.....###.#....####O.#...#.
.........#.....###..# #..
....................# ...
.....###........##.## ....
.....# #.....##..#O.#.>..
÷.÷..# #.<.....l....#...
#....###.......#s....#
##......)......#.....#
#.......#...........#
##.###.##.....#....##
####..####...#....#
###....#...#####..#
#...........#######
#....#..........##
........##.....>.#


You could see a wyvern and an ogre.

Vanquished Creatures
  2 water moccasins (D:5)
  A scorpion (D:4)
  A howler monkey (D:4)
  A hound (D:5)
  3 orc priests
  2 iguanas
  A scorpion zombie (D:5)
  3 adders
  A worm (D:2)
  3 dart slugs
  8 orcs
  6 ball pythons
  An endoplasm (D:4)
  4 giant cockroaches
  3 goblins
  8 hobgoblins
  6 jackals
  2 kobolds
  3 quokkas
  9 bats
  7 frilled lizards (D:4)
  6 rats
81 creatures vanquished.

Vanquished Creatures (others)
  9 plants (D:4)
9 creatures vanquished.

Grand Total: 90 creatures vanquished

Notes
Turn   | Place    | Note
-------+----------+-------------------------------------------
     0 | D:1      | buhh the Octopode Transmuter began the quest for the Orb.
     0 | D:1      | Reached XP level 1. HP: 13/13 MP: 3/3
   360 | D:1      | Reached XP level 2. HP: 18/18 MP: 3/5
  1025 | D:2      | Reached XP level 3. HP: 24/24 MP: 4/6
  1851 | D:3      | Found a runed translucent gate.
  1852 | D:3      | Found a runed translucent gate.
  1855 | D:3      | Found a runed translucent gate.
  1857 | D:3      | Noticed Valamore's ghost (amateur FoFi)
  1904 | D:3      | Reached XP level 4. HP: 30/30 MP: 5/7
  1976 | D:3      | Reached skill level 4 in Unarmed Combat
  2040 | D:3      | Found a radiant altar of Vehumet.
  2408 | D:3      | Noticed a scorpion
  3033 | D:3      | Reached XP level 5. HP: 10/36 MP: 6/8
  3033 | D:3      | HP: 1/36 [orc/+0 flail (9)]
  3706 | D:3      | Found a faded altar of an unknown god.
  4188 | D:4      | Found a transporter.
  4205 | D:4      | Found a transporter.
  4222 | D:4      | Noticed a sky beast
  4255 | D:4      | Reached skill level 5 in Unarmed Combat
  4255 | D:4      | Reached XP level 6. HP: 41/43 MP: 7/9
  4330 | D:4      | Learned a level 2 spell: Wereblood
  4610 | D:5      | Entered Level 5 of the Dungeon
  4610 | D:5      | Noticed a water moccasin
  5178 | D:4      | Found Ratugy's Retail Resort.
  5659 | D:5      | Found a staircase to the Ecumenical Temple.
  5659 | D:5      | Noticed a wyvern
  5680 | D:5      | Reached skill level 6 in Unarmed Combat
  5748 | D:5      | Noticed a water moccasin
  5767 | D:5      | Killed a water moccasin
  5768 | D:5      | Reached XP level 7. HP: 32/48 MP: 10/10
  6177 | D:4      | Learned a level 3 spell: Spider Form
  6182 | D:4      | Learned a level 4 spell: Ice Form
  6210 | D:5      | Slain by a wyvern

Illustrated notes

Levels and vault maps discovered:
D:1:      heliophobic_arrival_battle_scene, layout_rooms
D:2:      layout_basic
D:3:      layout_basic, vehumet_crystals, biasface_ghost_orc_armoury,
          hellmonk_ecumenical_altar_defaced_shrine
D:4:      gammafunk_wand_slinger, layout_basic, nicolae_alphabet_shops,
          minmay_lizard_king
D:5:      layout_cave_pools, minmay_temple_entry_waves

Skill      XL: |  1  2  3  4  5  6  7 |
---------------+----------------------+-----
Stealth        | 1 |  1.0
Fighting       | 2 3 4 |  4.0
Unarmed Combat | 4 5 6 |  6.0
Poison Magic   | 3 4 |  4.0
Dodging        | |  2.0
Spellcasting   | |  2.0
Transmutations | |  2.9

Action                   |  1- 3 |  4- 6 |  7- 9 || total
-------------------------+-------+-------+-------++-------
Melee: Unarmed           |    66 |   126 |    12 ||   204
       Kick              |    22 |    38 |     3 ||    63
       Constrict         |    24 |    26 |     5 ||    55
       Tentacles         |    17 |    20 |     2 ||    39
       Punch             |       |     2 |     1 ||     3
Throw: Dart              |       |     2 |       ||     2
 Cast: Beastly Appendage |    20 |    36 |     3 ||    59
       Spider Form       |       |       |     2 ||     2
  Use: Scroll            |     1 |     4 |     2 ||     7
       Potion            |       |     1 |       ||     1
 Stab: Sleeping          |     8 |     4 |       ||    12
Armor: Skin              |     6 |    10 |     2 ||    18
Dodge: Dodged            |    39 |    75 |     4 ||   118
